 Dungeon Crawl Stone Soup version 0.27-a0-538-g15ff5c5295 (webtiles) character file.

Game seed: 11366280888520401981

2540 jestyr24 the Fighter (level 9, 0/75 HPs)
             Began as a Demonspawn Fighter on Mar 5, 2021.
             Was a High Priest of Cheibriados.
             Slain by a komodo dragon (23 damage)
             ... on level 8 of the Dungeon on Mar 6, 2021.
             The game lasted 00:30:47 (6968 turns).

jestyr24 the Fighter (Demonspawn Fighter)           Turns: 6968, Time: 00:30:48

Health: 0/75       AC: 14    Str: 31    XL:     9   Next: 30%
Magic:  9/9        EV: 10    Int: 23    God:    Cheibriados [*****.]
Gold:   479        SH: 11    Dex: 24    Spells: 6/8 levels left

rFire    + . .     SeeInvis .   o - +3 hand axe
rCold    . . .     Faith    .   c - +0 kite shield
rNeg     . . .     Spirit   .   I - +1 chain mail {rF+}
rPois    .         Reflect  .   q - +1 helmet {Int+3}
rElec    .         Harm     .   x - +0 cloak
rCorr    .         Rampage  .   e - +0 pair of gloves
Will     .....                  (boots unavailable)
Stlth    ..........             (no amulet)
HPRegen  0.22/turn              l - +4 ring of evasion
MPRegen  0.11/turn              (no ring)

@: very slow
A: claws 1, talons 3, demonic guardian 1
a: Renounce Religion, Bend Time, Temporal Distortion, Slouch, Step From Time


You were on level 8 of the Dungeon.
You worshipped Cheibriados.
Cheibriados was extremely pleased with you.
You visited 1 branch of the dungeon, and saw 8 of its levels.

You collected 479 gold pieces.

Inventory:

Hand Weapons
 a - a +0 war axe
 o - a +3 hand axe (weapon)
 G - a +3 halberd
Missiles
 j - 258 stones (quivered)
 s - 6 javelins
 H - 5 poisoned darts
Armour
 c - a +0 kite shield (worn)
 e - a +0 pair of gloves (worn)
 q - a +1 helmet of intelligence (worn)
 x - a +0 cloak (worn)
 E - a +1 ring mail of cold resistance
 I - a +1 chain mail of fire resistance (worn)
Jewellery
 l - a +4 ring of evasion (left hand)
 F - an amulet of guardian spirit
 K - a ring of flight
Wands
 b - a wand of acid (15)
 y - a wand of iceblast (17)
 C - a wand of polymorph (19)
Scrolls
 f - 9 scrolls of identify
 h - 4 scrolls of teleportation
 i - a scroll of enchant armour {unknown}
 k - 2 scrolls of fog {unknown}
 r - a scroll of blinking {unknown}
 t - a scroll of enchant weapon {unknown}
 v - 3 scrolls of magic mapping {unknown}
 A - a scroll of fear {unknown}
Potions
 d - 2 potions of might
 g - 2 potions of mutation {unknown}
 m - 2 potions of haste {unknown}
 n - 3 potions of curing
 p - a potion of flight {unknown}
 u - 2 potions of lignification {unknown}
 w - 2 potions of heal wounds {unknown}
 z - 2 potions of magic {unknown}
 B - 2 potions of brilliance
 D - 2 potions of ambrosia {unknown}
 J - a potion of berserk rage {unknown}


   Skills:
 + Level 8.5 Fighting
 - Level 3.3 Axes
 - Level 3.1 Armour
 - Level 0.6 Dodging
 - Level 0.2 Stealth
 - Level 3.3 Shields
 - Level 8.0 Unarmed Combat


You had 6 spell levels left.
You knew the following spells:

 Your Spells              Type           Power      Damage    Failure   Level
a - Blink                 Tloc           N/A        N/A       99%         2

Your spell library contained the following spells:

 Spells                   Type           Power      Damage    Failure   Level
 Animate Skeleton         Necr           0%         N/A       98%         1
 Magic Dart               Conj           0%         1d3       98%         1
 Pain                     Necr           0%         1d4       98%         1
 Call Imp                 Summ           0%         N/A       99%         2
 Slow                     Hex            0%         N/A       99%         2
 Conjure Flame            Conj/Fire      0%         6-21      100%        3
 Mephitic Cloud           Conj/Pois/Air  0%         N/A       100%        3
 Vampiric Draining        Necr           0%         2d6       100%        3
 Animate Dead             Necr           0%         N/A       100%        4
 Agony                    Necr           0%         N/A       100%        5


Dungeon Overview and Level Annotations

Branches:
Dungeon (8/15)             Temple (0/1) D:7            Lair (0/6) D:8

Altars:
Cheibriados
Gozag
Nemelex Xobeh

Shops:
D:4 =([[=   D:6 (!


Innate Abilities, Weirdness & Mutations

You have sharp fingernails.
You have claws for feet.
A weak demonic guardian rushes to your aid.


Message History

The komodo dragon bites you!! You block the komodo dragon's attack.
Your shield prevents you from hitting the komodo dragon.
You claw the komodo dragon.
The komodo dragon is moderately wounded.
You slash the plant! You hit the plant.
A nearby plant withers and dies. x2
The komodo dragon bites you!
A demonic guardian appears!
You closely miss the komodo dragon. You claw the komodo dragon.
The komodo dragon is moderately wounded.
You block the komodo dragon's attack.
Your iron imp hits the komodo dragon but does no damage.
Unknown command.
You barely miss the komodo dragon.
You claw the komodo dragon, but do no damage.
The komodo dragon is moderately wounded.
The komodo dragon bites you!
Your iron imp hits the komodo dragon.
The komodo dragon bites you!
* * * LOW HITPOINT WARNING * * *
You hit the komodo dragon. You claw the komodo dragon.
The komodo dragon is heavily wounded.
The komodo dragon completely misses you.
Your iron imp barely misses the komodo dragon.
You hit the komodo dragon. You claw the komodo dragon.
The komodo dragon is heavily wounded.
You block the komodo dragon's attack.
Your iron imp hits the komodo dragon.
You block the komodo dragon's attack.
You hit the komodo dragon.
You claw the komodo dragon, but do no damage.
The komodo dragon is severely wounded.
Your iron imp closely misses the komodo dragon.
You block the komodo dragon's attack.
You hit the komodo dragon but do no damage.
You claw the komodo dragon, but do no damage.
The komodo dragon is severely wounded.
Your iron imp hits the komodo dragon.
The komodo dragon bites you but does no damage.
Your chain mail prevents you from hitting the komodo dragon.
You claw the komodo dragon.
The komodo dragon is almost dead.
The komodo dragon bites you!!
You die... ####### ##PPPPP## #..PPPPP#

##P.P[..P#
#..PP.>.P#
##..PP...P#
#.....l5PP#
#..P.@..PP#
#......PPP#
#.#....PPP# #
#....PPP# ##....P##
#### ###...##
#..########.# #..##
##...........###.##
#..####...#####..#


You could see a komodo dragon (ally target) and a friendly iron imp (summoned).

Vanquished Creatures
  A sky beast (D:5)
  2 orc warriors
  2 black bears
  An ogre (D:6)
  3 centaurs
  A phantom (D:7)
  A kobold brigand (D:5)
  3 bullfrogs (D:7)
  Blork the orc (D:6)
  A wyvern skeleton (D:7)
  5 scorpions
  A howler monkey (D:7)
  A centaur zombie (D:7)
  2 bullfrog zombies (D:6)
  2 jellies (D:6)
  2 orc priests
  A centaur skeleton (D:4)
  3 hounds
  2 bullfrog skeletons
  Jessica (D:6)
  An iguana (D:6)
  Crazy Yiuf (D:4)
  3 orc wizards
  7 worker ants
  2 hound skeletons (D:5)
  A howler monkey zombie (D:6)
  15 adders
  A shadow imp (D:7)
  2 ufetubi
  An ooze (D:1)
  An adder zombie (D:5)
  A worm (D:3)
  A dart slug (D:2)
  7 leopard geckos
  26 orcs
  A ball python (D:3)
  9 bats
  4 giant cockroaches
  6 goblins
  8 hobgoblins
  2 jackals (D:2)
  5 quokkas
  5 frilled lizards
  6 kobolds
  A quokka skeleton (D:5)
  7 rats
160 creatures vanquished.

Vanquished Creatures (collateral kills)
  A hound zombie (D:7)
1 creature vanquished.

Vanquished Creatures (others)
  11 plants
11 creatures vanquished.

Grand Total: 172 creatures vanquished

Notes
Turn   | Place    | Note
-------+----------+-------------------------------------------
     0 | D:1      | jestyr24 the Demonspawn Fighter began the quest for the
                  | Orb.
     0 | D:1      | Reached XP level 1. HP: 18/18 MP: 1/1
   214 | D:1      | Gained mutation: You have sharp toenails. [demonic
                  | ancestry]
   214 | D:1      | Reached XP level 2. HP: 23/24 MP: 2/2
   824 | D:1      | Reached XP level 3. HP: 29/29 MP: 3/3
  1288 | D:2      | Found a faded altar of an unknown god.
  1290 | D:2      | Became a worshipper of Cheibriados the Contemplative
  1290 | D:2      | Reached * piety under Cheibriados
  1488 | D:2      | Gained mutation: You have razor-sharp toenails. [demonic
                  | ancestry]
  1488 | D:2      | Reached XP level 4. HP: 35/35 MP: 4/4
  1882 | D:3      | Learned a level 2 spell: Blink
  2023 | D:3      | Reached ** piety under Cheibriados
  2093 | D:3      | Gained mutation: You have claws for feet. [demonic
                  | ancestry]
  2093 | D:3      | Reached XP level 5. HP: 42/42 MP: 5/5
  2327 | D:3      | Reached skill level 1 in Unarmed Combat
  2481 | D:3      | Found a sparkling altar of Nemelex Xobeh.
  2757 | D:4      | Found Ibbuez's Antique Armour Shop.
  2924 | D:4      | Found Diysecw's Jewellery Emporium.
  3020 | D:4      | Found Olakavut's Armour Boutique.
  3029 | D:4      | Found Vilicu's Weapon Shop.
  3040 | D:4      | Found Duolud's Jewellery Emporium.
  3073 | D:4      | Reached XP level 6. HP: 46/48 MP: 6/6
  3076 | D:4      | Reached *** piety under Cheibriados
  3735 | D:4      | Found a runed translucent door.
  3736 | D:4      | Noticed Crazy Yiuf
  3743 | D:4      | Killed Crazy Yiuf
  3868 | D:5      | Entered Level 5 of the Dungeon
  3905 | D:5      | Reached XP level 7. HP: 53/53 MP: 7/7
  3955 | D:5      | Reached skill level 5 in Unarmed Combat
  4227 | D:5      | Reached **** piety under Cheibriados
  4363 | D:5      | Gained mutation: A weak demonic guardian rushes to your
                  | aid. [demonic ancestry]
  4363 | D:5      | Reached XP level 8. HP: 49/60 MP: 8/8
  4617 | D:6      | HP: 3/60 [orc warrior/+3 halberd (8)]
  4927 | D:6      | Found Hailusim's Weapon Boutique.
  5126 | D:6      | Found a sparkling altar of Nemelex Xobeh.
  5126 | D:6      | Noticed Jessica
  5133 | D:6      | Killed Jessica
  5305 | D:6      | Found an opulent altar of Gozag.
  5442 | D:6      | Found Leigueg's Distillery.
  5504 | D:6      | Reached skill level 5 in Fighting
  5618 | D:6      | Noticed Blork the orc
  5627 | D:6      | Killed Blork the orc
  6017 | D:7      | Gained mutation: You have sharp fingernails. [demonic
                  | ancestry]
  6017 | D:7      | Reached XP level 9. HP: 58/72 MP: 9/9
  6033 | D:7      | Upgraded the game from 0.27-a0-531-gb72ec1a1b6 to
                  | 0.27-a0-538-g15ff5c5295
  6246 | D:7      | Reached ***** piety under Cheibriados
  6331 | D:7      | Found a staircase to the Ecumenical Temple.
  6953 | D:8      | Found a staircase to the Lair.
  6954 | D:8      | Noticed a komodo dragon
  6968 | D:8      | Slain by a komodo dragon

Illustrated notes

Levels and vault maps discovered:
D:1:      amcnicky_arrival_underground_garden, layout_rooms, st_stairs_3,
          minmay_misc_feat_encased
D:2:      layout_basic, chequers_ecumenical_altar_twisty
D:3:      layout_loops_ring, general_overflow_altar, corexii_corridor_pit
D:4:      layout_rooms, serial_forest, infiniplex_forest_clump_cross,
          infiniplex_forest_end_3, infiniplex_forest_clump_double,
          infiniplex_forest_lined_3_way, infiniplex_forest_clump_double,
          infiniplex_forest_clump_small, infiniplex_forest_pool, serial_shops,
          shop, shop_coins, nicolae_shop_behind_doors,
          nicolae_shop_behind_doors, kennysheep_mini, minivault_19,
          uniq_crazy_yiuf_cottage
D:5:      kennysheep_big_flooded_room, layout_rooms
D:6:      layout_loops_ring, serial_shops, nicolae_shop_waterfront,
          nicolae_shop_statue_plus, basic_altar, hangedman_glass_teeth,
          nemelex_lonely_heart_becter, uniq_blork_the_orc
D:7:      layout_cave_pools, minmay_temple_entry_wispy, minmay_circle_x
D:8:      layout_rooms, slow_altar_1, david_lair_shrubbed, uniq_harold,
          uniq_erica, uniq_grum

Skill      XL: |  1  2  3  4  5  6  7  8  9 |
---------------+----------------------------+-----
Shields        | 3 |  3.3
Axes           | 2 3 |  3.3
Armour         | 3 |  3.1
Unarmed Combat | 2 4 7 8 |  8.0
Fighting       | 7 8 |  8.5
Dodging        | |  0.6
Stealth        | |  0.2

Action                   |  1- 3 |  4- 6 |  7- 9 || total
-------------------------+-------+-------+-------++-------
Melee: War axe           |   101 |    12 |       ||   113
       Kick              |    12 |    60 |   109 ||   181
       Hand axe          |       |   126 |   179 ||   305
       Unarmed           |       |    10 |       ||    10
Throw: Stone             |     5 |       |     1 ||     6
       Dart              |       |       |     7 ||     7
  Use: Scroll            |       |       |     3 ||     3
       Potion            |       |       |     1 ||     1
 Stab: Distracted        |       |       |     1 ||     1
Armor: Scale mail        |    55 |    46 |    42 ||   143
       Ring mail         |       |       |    20 ||    20
       Chain mail        |       |       |    26 ||    26
Dodge: Dodged            |    41 |    91 |    89 ||   221
Block: Kite shield       |    67 |    77 |   131 ||   275

Table legend: (Time is in decaauts)
 A = Elapsed time spent in this place.
 B = Non-inter-level travel time spent in this place.
 C = Inter-level travel time spent in this place.
 D = Time resting spent in this place.
 E = Time spent auto-exploring this place.
 F = Levels seen in this place.
 G = Mean time per level.
                   A        B        C        D        E       F      G
               +--------+--------+--------+--------+--------+-----+--------+
         Total |   9285 |   9053 |    232 |   1344 |   5534 |   8 | 1160.6 |
       Dungeon |   9285 |   9053 |    232 |   1344 |   5534 |   8 | 1160.6 |
               +--------+--------+--------+--------+--------+-----+--------+

Top non-repeatable levels by time:
     D:6: 1718 daAuts
     D:4: 1594 daAuts
     D:5: 1381 daAuts
     D:3: 1322 daAuts
     D:7: 1169 daAuts
     D:2: 1137 daAuts
     D:1: 900 daAuts
     D:8: 61 daAuts
